 Dungeon Crawl Stone Soup version 0.26-a0-26-ge22fd8933b (webtiles) character file.

Game seed: 3828446556870458337, levelgen mode: deterministic

22174 Essalna the Thaumaturge (level 12, 0/75 HPs)
             Began as a Deep Elf Venom Mage on May 27, 2020.
             Was an Elder of Vehumet.
             Killed from afar by a lindwurm (32 damage)
             ... with a blast of flame
             ... on level 6 of the Lair of Beasts.
             The game lasted 01:02:19 (15414 turns).

Essalna the Thaumaturge (Deep Elf Venom Mage)      Turns: 15414, Time: 01:02:19

Health: 0/75       AC: 14    Str:  5    XL:     12   Next: 60%
Magic:  22/31      EV: 17    Int: 26    God:    Vehumet [****..]
Gold:   450        SH:  5    Dex: 15    Spells: 24/37 levels left

rFire    . . .     SeeInvis +   I - staff of wizardry
rCold    . . .     Gourm    .   M - +0 buckler
rNeg     . . .     Faith    .   C - +0 acid dragon scales (curse)
rPois    .         Spirit   .   B - +1 helmet
rElec    .         Reflect  .   G - +0 cloak
rCorr    +         Harm     .   p - +2 pair of gloves
MR       +....                  e - +0 pair of boots (curse)
Stlth    ++........             R - amulet of magic regeneration
HPRegen  0.22/turn              z - ring of see invisible
MPRegen  0.47/turn              K - -4 ring of slaying (curse)

@: very slightly contaminated
A: no striking features
a: Renounce Religion


You were on level 6 of the Lair of Beasts.
You worshipped Vehumet.
Vehumet was greatly pleased with you.
You were hungry.

You visited 3 branches of the dungeon, and saw 15 of its levels.
You also visited: Sewer.

You collected 600 gold pieces.
You spent 150 gold pieces at shops.

Inventory:

Hand Weapons
 j - a cursed +0 dagger
 n - a +3 mace of protection
 N - a +1 trident of protection
Armour
 a - a +0 robe
 e - a cursed +0 pair of boots (worn)
 h - a -2 pair of boots
 p - a +2 pair of gloves (worn)
 B - a +1 helmet (worn)
 C - cursed +0 acid dragon scales (worn)
 E - a +1 robe of magic resistance
 G - a +0 cloak (worn)
 M - a +0 buckler (worn)
Magical Staves
 I - an uncursed staff of wizardry (weapon)
Jewellery
 z - a ring of see invisible (left hand)
 J - an uncursed ring of stealth
 K - a cursed -4 ring of slaying (right hand)
 L - an uncursed ring of protection from cold {unknown}
 Q - a cursed ring of teleportation {unknown}
 R - an amulet of magic regeneration (around neck)
Wands
 x - a wand of random effects (19)
 y - a wand of paralysis (13)
 F - a wand of flame (17)
 S - a wand of digging (5)
 U - a wand of enslavement (5)
Scrolls
 b - 7 scrolls of identify
 f - 8 scrolls of amnesia
 k - a scroll of enchant weapon
 u - 6 scrolls of fog
 v - 3 scrolls of enchant armour
 w - 6 scrolls of fear
 A - a scroll of remove curse
 O - 2 scrolls of acquirement {unknown}
Potions
 d - a potion of invisibility
 g - 7 potions of curing
 i - 2 potions of mutation
 l - 4 potions of stabbing
 m - 7 potions of heal wounds {unknown}
 o - 2 potions of berserk rage {unknown}
 q - 6 potions of might {unknown}
 r - 2 potions of brilliance {unknown}
 s - 3 potions of haste {unknown}
 t - a potion of magic {unknown}
 D - 2 potions of lignification {unknown}
 P - a potion of flight {unknown}
 V - a potion of degeneration {unknown}
Comestibles
 c - 27 rations


   Skills:
 + Level 8.5 Fighting
 - Level 3.0 Armour
 + Level 12.0 Dodging
 - Level 2.4 Stealth
 - Level 4.0 Shields
 + Level 13.0 Spellcasting
 - Level 1.1 Transmutations
 - Level 3.0 Air Magic
 + Level 11.4 Poison Magic


You had 24 spell levels left.
You knew the following spells:

 Your Spells              Type           Power        Failure   Level  Hunger
a - Sting                 Tmut/Pois      ####         1%          1    None
b - Poisonous Vapours     Pois/Air       ######       1%          2    None
c - Olgreb's Toxic Radia  Pois           ######..     1%          4    None
d - Ignite Poison         Fire/Tmut/Pois #####...     1%          3    None
e - Mephitic Cloud        Conj/Pois/Air  #####...     1%          3    None

Your spell library contained the following spells:

 Spells                   Type           Power        Failure   Level  Hunger
 Airstrike                Air            ####......   2%          4    None
 Beastly Appendage        Tmut           ###...       1%          1    None
 Spider Form              Tmut/Pois      #####.....   1%          3    None
 Sticks to Snakes         Tmut           ###.....     2%          2    None
 Ice Form                 Ice/Tmut       ###.....     22%         4    None
 Blade Hands              Tmut           ###.......   43%         5    ##.....


Dungeon Overview and Level Annotations

Branches:
Dungeon (8/15)             Temple (1/1) D:5            Lair (6/6) D:8
 Spider (0/4) Lair:2        Sewer (visited)
  Swamp: Lair:2-4    Shoals: Lair:2-4     Slime: Lair:5-6

Altars:
Cheibriados
Gozag
Nemelex Xobeh
Qazlal
Ru
Uskayaw
Vehumet
Yredelemnul

Shops:
D:4 :}}(   D:7 **?

Annotations:
Lair:4 exclusion: 4 oklob plants


Message History

The death yak is engulfed in blazing flames.
Casting: Ignite Poison (safe; 1% risk of failure)
Confirm with . or Enter, or press ? or * to list all spells.
Aiming: Sting (safe; 1% risk of failure)
Press: ? - help, Shift-Dir - straight line, f - lindwurm, p - death yak
Aim: a lindwurm (flame, heavily wounded)
The sting hits the lindwurm.
The lindwurm is poisoned.
The lindwurm is severely wounded.
The lindwurm is engulfed in blazing flames.
The death yak is engulfed in blazing flames.
Casting: Sting (safe; 1% risk of failure)
Confirm with . or Enter, or press ? or * to list all spells.
Aiming: Sting (safe; 1% risk of failure)
Press: ? - help, Shift-Dir - straight line, f/p - lindwurm
Aim: a lindwurm (severely wounded, poisoned)
The sting hits the lindwurm!
The lindwurm looks even sicker.
The lindwurm is almost dead.
The lindwurm breathes flames at you. The blast of flame hits you!!
You die...

..P......#...#.P.###
...............P...#
.................P##
...÷...÷.......°○°#
..........(....○○.#
.......##..#..#Y○##
.......#########k.#
#.....## #####.†P#
###....####.PP#.@##
# #.........PP...#
###.....#P..P....#
##..<..##..P...#..#
.#....###...####..#
##....P###.## #...#
..#......#+# ...##
........... ...#
..#P..##.P..


You could see a death yak (confused) and a lindwurm (very poisoned, catching
breath).

Vanquished Creatures
  A hydra (Lair:6)
  Harold (Lair:2)
  A catoblepas (Lair:6)
  A two-headed ogre (D:8)
  2 death yaks (Lair:6)
  A black mamba (Lair:3)
  5 elephants (Lair:6)
  4 spiny frogs
  Maggie (D:6)
  5 komodo dragons
  A rime drake (Lair:1)
  A hornet (D:8)
  2 polar bears
  4 blink frogs (Lair:3)
  2 redbacks (Lair:2)
  8 hippogriffs
  Sigmund (D:2)
  16 yaks
  2 wyverns
  2 basilisks (Lair:3)
  6 vampire mosquitoes
  10 water moccasins
  5 porcupines
  2 black bears (Lair:6)
  2 orc warriors
  2 sky beasts (D:7)
  4 ogres
  2 centaurs
  11 wolves
  5 crocodiles
  11 bullfrogs
  2 gnoll sergeants
  A scorpion (D:6)
  9 killer bees
  6 crimson imps
  A gnoll shaman (D:6)
  3 hounds
  5 orc priests
  A centaur zombie (D:4)
  Crazy Yiuf (D:6)
  A bullfrog skeleton (D:5)
  A centaur skeleton (D:5)
  10 orc wizards
  Terence (D:2)
  An iguana (D:4)
  5 worker ants
  A hound zombie (D:7)
  13 adders
  13 gnolls
  7 river rats
  3 shadow imps
  2 oozes
  2 adder skeletons
  2 worms (D:2)
  2 dart slugs
  6 leopard geckos
  25 orcs
  18 ball pythons
  6 giant cockroaches
  6 goblins
  7 hobgoblins
  2 jackals (D:4)
  7 kobolds
  6 quokkas
  7 bats
  14 frilled lizards
  2 jackal skeletons
  A quokka skeleton (D:8)
  A quokka zombie (D:8)
  33 rats
355 creatures vanquished.

Vanquished Creatures (others)
  6 bushes (Lair:6)
  14 fungi
  14 plants
34 creatures vanquished.

Grand Total: 389 creatures vanquished

Notes
Turn   | Place    | Note
-------+----------+-------------------------------------------
     0 | D:1      | Essalna the Deep Elf Venom Mage began the quest for the
                  | Orb.
     0 | D:1      | Reached XP level 1. HP: 10/10 MP: 6/6
   421 | D:1      | Reached XP level 2. HP: 16/16 MP: 5/8
  1016 | D:2      | Noticed Sigmund
  1016 | D:2      | Noticed an orc warrior
  1224 | D:2      | Noticed Terence
  1247 | D:1      | Learned a level 2 spell: Poisonous Vapours
  1293 | D:2      | Killed Terence
  1293 | D:2      | Reached skill level 1 in Fighting
  1293 | D:2      | Reached XP level 3. HP: 13/20 MP: 0/10
  1500 | D:2      | Reached XP level 4. HP: 18/25 MP: 0/11
  1570 | D:2      | Killed Sigmund
  1570 | D:2      | Reached skill level 4 in Spellcasting
  1570 | D:2      | Reached XP level 5. HP: 19/30 MP: 0/14
  1834 | D:2      | Reached XP level 6. HP: 35/35 MP: 1/15
  2203 | D:2      | Killed an orc warrior
  2203 | D:2      | Reached skill level 5 in Spellcasting
  2743 | D:3      | Reached skill level 1 in Air Magic
  3148 | D:3      | Reached skill level 5 in Poison Magic
  4131 | D:4      | Reached skill level 5 in Dodging
  4131 | D:4      | Reached XP level 7. HP: 40/40 MP: 9/17
  4399 | D:4      | Found a glowing drain.
  4411 | Sewer    | Entered a sewer
  4417 | Sewer    | Learned a level 4 spell: Olgreb's Toxic Radiance
  4421 | Sewer    | Learned a level 3 spell: Ignite Poison
  4660 | Sewer    | Reached skill level 6 in Spellcasting
  5231 | D:4      | Reached XP level 8. HP: 46/46 MP: 13/19
  5490 | D:4      | Found Dubuu's Weapon Emporium.
  5490 | D:4      | Found Wosofot's Gadget Emporium.
  5490 | D:4      | Found Kaitif's Book Emporium.
  5491 | D:4      | Found Siym's Gadget Emporium.
  5847 | D:5      | Entered Level 5 of the Dungeon
  6023 | D:5      | Found a staircase to the Ecumenical Temple.
  6032 | Temple   | Entered the Ecumenical Temple
  6042 | Temple   | Became a worshipper of Vehumet
  6165 | D:5      | Found a sacrificial altar of Ru.
  6397 | D:4      | Reached skill level 7 in Spellcasting
  7265 | D:5      | Reached * piety under Vehumet
  7265 | D:5      | Offered knowledge of Sandblast by Vehumet.
  7579 | D:6      | Noticed Maggie
  7596 | D:6      | Killed Maggie
  7596 | D:6      | Reached skill level 8 in Spellcasting
  7596 | D:6      | Reached XP level 9. HP: 41/52 MP: 0/23
  7873 | D:6      | Reached skill level 1 in Armour
  8016 | D:6      | Reached skill level 5 in Fighting
  8547 | D:6      | Found a runed translucent door.
  8548 | D:6      | Noticed Crazy Yiuf
  8554 | D:6      | Killed Crazy Yiuf
  8698 | D:7      | Found Xuimpurphug's Magic Scroll Shop.
  8765 | D:7      | Found Ysoqots's Assorted Antiques.
  8800 | D:7      | Reached skill level 9 in Spellcasting
  8809 | D:7      | Offered knowledge of Foxfire by Vehumet.
  8820 | D:7      | Reached ** piety under Vehumet
  8917 | D:7      | Bought a tubular tourmaline ring for 150 gold pieces
  9130 | D:7      | Found Apnuepy's Assorted Antiques.
  9708 | D:8      | Noticed a two-headed ogre
  9721 | D:8      | Killed a two-headed ogre
  9721 | D:8      | Reached skill level 1 in Shields
  9721 | D:8      | Reached XP level 10. HP: 60/60 MP: 17/25
  9855 | D:8      | Paralysed by a hornet for 2 turns
 10053 | D:8      | Found a staircase to the Lair.
 10808 | Lair:1   | Entered Level 1 of the Lair of Beasts
 10831 | Lair:1   | Found a gate leading to a gauntlet.
 11088 | Lair:1   | Reached skill level 10 in Spellcasting
 11591 | Lair:1   | You fall into a shaft and drop 1 floor!
 11629 | Lair:1   | Noticed a four-headed hydra
 11793 | Lair:2   | Found a basalt altar of Yredelemnul.
 11860 | Lair:2   | Learned a level 3 spell: Mephitic Cloud
 11912 | Lair:2   | Found a hole to the Spider Nest.
 11926 | Lair:2   | Offered knowledge of Conjure Flame by Vehumet.
 11987 | Lair:2   | Noticed Harold
 12014 | Lair:2   | Killed Harold
 12063 | Lair:2   | Reached XP level 11. HP: 19/66 MP: 22/27
 12065 | Lair:2   | Reached *** piety under Vehumet
 12598 | Lair:2   | Reached skill level 10 in Dodging
 12785 | Lair:3   | Reached skill level 11 in Spellcasting
 13134 | Lair:3   | Reached skill level 10 in Poison Magic
 13138 | Lair:3   | Offered knowledge of Stone Arrow by Vehumet.
 14079 | Lair:4   | Noticed an oklob plant
 14079 | Lair:4   | Noticed an oklob plant
 14079 | Lair:4   | Noticed an oklob plant
 14079 | Lair:4   | Noticed an oklob plant
 14082 | Lair:4   | Reached skill level 12 in Spellcasting
 14194 | Lair:4   | Noticed a six-headed hydra
 14197 | Lair:4   | Reached XP level 12. HP: 55/73 MP: 25/30
 14222 | Lair:5   | Noticed a six-headed hydra
 14322 | Lair:6   | Entered Level 6 of the Lair of Beasts
 14322 | Lair:6   | Noticed a death yak
 14322 | Lair:6   | Noticed a death yak
 14322 | Lair:6   | Noticed a death yak
 14694 | Lair:6   | Noticed a five-headed hydra
 14705 | Lair:6   | Killed a five-headed hydra
 14871 | Lair:6   | Reached **** piety under Vehumet
 14919 | Lair:6   | Offered knowledge of Airstrike by Vehumet.
 15100 | Lair:6   | Noticed a death yak
 15100 | Lair:6   | Noticed a death yak
 15100 | Lair:6   | Noticed a death yak
 15100 | Lair:6   | Noticed a catoblepas
 15107 | Lair:6   | Noticed a death yak
 15135 | Lair:6   | Killed a death yak
 15150 | Lair:6   | Killed a catoblepas
 15365 | Lair:6   | Killed a death yak
 15365 | Lair:6   | Reached skill level 13 in Spellcasting
 15414 | Lair:6   | Killed from afar by a lindwurm

Illustrated notes

Levels and vault maps discovered:
D:1:      minmay_arrival_diagonal_passages, layout_basic
D:2:      layout_basic, st_stairs_14, uniq_sigmund, uniq_terence
D:3:      layout_basic, first_ration, nrook_mini_vaults
D:4:      layout_loops_cross, portal_sewer_entry_e, minmay_shop_grid_forest,
          hangedman_abyss_or_decor_lesser_grid, chequers_big_river
D:5:      layout_cave_pods, nicolae_ru_great_annihilating_truth,
          minmay_temple_entry_gardened_gates
D:6:      layout_rooms, uniq_maggie, uniq_crazy_yiuf_cottage
D:7:      layout_cave_pods, serial_shops, shop, shop, nicolae_shop_crystal
D:8:      layout_loops_cross, david_lair_shrubbed
Temple:   compressed_dpeg_circular_temple
Lair:1:   layout_cave_pods, gauntlet_entry_generic
Lair:2:   layout_regular_city, spider_nest_entry_webs, basic_altar,
          eino_small_chamber_without_monster, minivault_23, uniq_harold
Lair:3:   layout_regular_city
Lair:4:   layout_gridlike, minmay_swamp_entry_swarm, minmay_lair_oklob_chamber,
          grunt_megastairs_1, lemuel_fruit_fields
Lair:5:   layout_regular_city, dpeg_slime_entry_corner, enter_volcano_3
Lair:6:   grunt_lair_end_beastmaster, layout_regular_city, serial_forest,
          infiniplex_forest_straight_3, infiniplex_forest_zigzag_1,
          infiniplex_forest_lined_room_, infiniplex_forest_end_2,
          infiniplex_forest_lined_room_2, infiniplex_forest_straight_2,
          infiniplex_forest_lined_room_2, infiniplex_forest_pool,
          infiniplex_forest_lined_room_2, grunt_forest_large_clearings

Skill      XL: |  1  2  3  4  5  6  7  8  9 10 11 12 |
---------------+-------------------------------------+-----
Fighting       | 1 2 3 4 5 6 7 8 |  8.5
Dodging        | 3 4 5 7 8 9 11 12 | 12.0
Spellcasting   | 4 5 6 8 9 10 12 13 | 13.0
Poison Magic   | 4 5 7 8 9 10 11 | 11.4
Air Magic      | 1 2 3 |  3.0
Armour         | 2 3 |  3.0
Shields        | 1 3 4 |  4.0
Stealth        | |  2.4
Transmutations | |  1.1

Action                   |  1- 3 |  4- 6 |  7- 9 | 10-12 || total
-------------------------+-------+-------+-------+-------++-------
Melee: Unarmed           |     3 |       |       |       ||     3
       Mace              |     1 |    48 |   163 |       ||   212
       Trident           |       |       |       |    21 ||    21
       Staff             |       |       |       |    44 ||    44
 Cast: Sting             |    42 |    65 |   169 |   213 ||   489
       Poisonous Vapours |     9 |    42 |    86 |   124 ||   261
       Ignite Poison     |       |       |    14 |    59 ||    73
       Olgreb's Toxic Ra |       |       |    14 |    13 ||    27
       Mephitic Cloud    |       |       |       |    22 ||    22
  Use: Scroll            |       |     7 |     7 |     7 ||    21
       Potion            |       |       |       |     1 ||     1
 Stab: Sleeping          |       |       |     3 |     3 ||     6
  Eat: Chunk             |     2 |     8 |    19 |    17 ||    46
Armor: Robe              |     1 |    20 |    40 |       ||    61
       Acid dragon scale |       |       |    55 |   131 ||   186
Dodge: Dodged            |    15 |    54 |   216 |   240 ||   525
Block: Buckler           |       |       |       |    65 ||    65

Table legend:
 A = Non-vault XP
 B = Vault XP
 C = Vault XP percentage of total XP
 D = Non-vault monster count
 E = Vault monster count
 F = Vault count percentage of total count
                 A         B        C        D         E       F
            +---------+---------+-------+---------+---------+-------
      Total |   21003 |   10675 |  33.7 |     258 |      97 |  27.3
            +---------+---------+-------+---------+---------+-------
        D:1 |      24 |       0 |   0.0 |      16 |       0 |   0.0
        D:2 |     251 |     263 |  51.2 |      33 |       5 |  13.2
        D:3 |     156 |       0 |   0.0 |      23 |       0 |   0.0
        D:4 |     411 |      22 |   5.1 |      18 |       8 |  30.8
        D:5 |     806 |      46 |   5.4 |      36 |       4 |  10.0
        D:6 |    1418 |     435 |  23.5 |      27 |       2 |   6.9
        D:7 |     884 |       0 |   0.0 |      14 |       0 |   0.0
        D:8 |    1814 |     383 |  17.4 |      20 |       1 |   4.8
     Lair:1 |    1578 |       0 |   0.0 |       8 |       0 |   0.0
     Lair:2 |    2594 |    1442 |  35.7 |      16 |       3 |  15.8
     Lair:3 |    6445 |       0 |   0.0 |      29 |       0 |   0.0
     Lair:4 |    1631 |    1228 |  43.0 |       8 |       7 |  46.7
     Lair:5 |     178 |     351 |  66.4 |       2 |       2 |  50.0
     Lair:6 |    2813 |    6147 |  68.6 |       8 |      17 |  68.0
      Sewer |       0 |     358 | 100.0 |       0 |      48 | 100.0
            +---------+---------+-------+---------+---------+-------
